 Dungeon Crawl Stone Soup version 0.13.1-25-g341c717 (console) character file.

181 Kite the Charlatan (level 5, -4/38 HPs)
             Began as a Human Artificer on Jan 18, 2014.
             Killed themself with a badly aimed bolt of lightning (7 damage)
             ... on Level 3 of the Dungeon.
             The game lasted 00:21:45 (3842 turns).

Kite the Charlatan (Human Artificer)                Turns: 3842, Time: 00:21:46

HP  -4/38        AC  4     Str 13      XL: 5   Next:  4%
MP   8/8         EV 12     Int 14 (17) God:
Gold 80          SH  0     Dex 18      Spells:  0 memorised,  4 levels left

Res.Fire  : + . .   See Invis. : .   a - +0 short sword
Res.Cold  : + . .   Warding    : .   e - +0 leather armour
Life Prot.: . . .   Conserve   : .   (no shield)
Res.Poison: +       Res.Corr.  : .   o - +0 crested helmet
Res.Elec. : +       Clarity    : .   (no cloak)
Sust.Abil.: . .     Spirit.Shd : .   (no gloves)
Res.Mut.  : .       Stasis     : .   (no boots)
Res.Rott. : .       Flight     : .   (no amulet)
Saprovore : . . .                    (no ring)
                                     x - +5 ring of dexterity

@: brilliant, quite poisoned, slightly resistant to hostile enchantments,
unstealthy
A: no striking features
a: no special abilities


You were on level 3 of the Dungeon.
You were not hungry.

You visited 1 branch of the dungeon, and saw 4 of its levels.

You collected 60 gold pieces.

Inventory:

Hand weapons
 a - a +0,+0 short sword (weapon)
 i - a +0,+0 dagger
 j - a +0,+0 sling
 p - a +0,+0 dagger
 s - a +2,+2 sling
 B - a +2,+2 orcish dagger
 E - a +2,+0 sling of flame
 F - a +0,+1 orcish spear
 G - a +2,+4 orcish whip
Missiles
 h - 27 stones (quivered)
 w - 56 sling bullets
Armour
 e - a +0 leather armour (worn)
 o - a +0 crested helmet (worn)
Magical devices
 b - a wand of flame (12)
 c - a wand of enslavement (15)
 d - a wand of random effects (14)
 J - a wand of polymorph (9) {unknown}
Comestibles
 f - 2 bread rations
 t - a meat ration
Scrolls
 g - 6 scrolls of remove curse
 l - a scroll of random uselessness
 q - 2 scrolls of enchant weapon I
 r - 4 scrolls of teleportation
 y - a scroll of recharging
Jewellery
 n - an uncursed ring of flight {unknown}
 x - a +5 ring of dexterity (left hand)


   Skills:
 + Level 1.1 Fighting
 + Level 1.1 Short Blades
 + Level 1.3 Throwing
 + Level 2.1 Armour
 + Level 3.1 Dodging
 + Level 1.0 Stealth
 + Level 3.6 Evocations


You had 4 spell levels left.
You didn't know any spells.

Dungeon Overview and Level Annotations

Branches:
Dungeon (4/27)
 Temple: D:4-7

Altars:


Message History

You aren't carrying any potions.
Read which item? (? for menu, Esc to quit)
Okay, then.
Evoke which item? (* to show all) (? for menu, Esc to quit)
Zapping:
d - a wand of random effects (15)
Press: ? - help, Shift-Dir - straight line, f - you Really target yourself?
You suddenly lose the ability to move!
This wand has 14 charges left.
* * * LOW HITPOINT WARNING * * *
You feel sick.
* * * LOW HITPOINT WARNING * * *
You feel sick.
You can move again.
Evoke which item? (* to show all) (? for menu, Esc to quit)
Zapping:
d - a wand of random effects (14)
Press: ? - help, Shift-Dir - straight line, f - you Really target yourself?
You hear a mighty clap of thunder!
The bolt of lightning hits you! You resist.
You die...

▒▒▒▒▒▒·▒ ·······▒ ·▒▒▒▒▒·▒
·▒·····▒ ·▒▒·▒··▒ ·▒▒·▒··▒
·▒▒·▒··▒▒▒▒▒▒▒
·▒▒·▒········▒▒▒▒▒▒▒▒▒▒▒▒
·▒▒·▒·▒▒▒▒▒▒·▒▒·@·······▒
··············>·····▒▒▒·▒
··▒·▒·▒▒▒▒▒▒·▒▒··▒▒·▒▒▒·▒
··▒'▒·················▒·▒
··········▒▒·▒▒▒·▒▒·▒·▒·▒
······▒▒▒·▒▒········▒·▒·▒▒▒▒▒▒▒
····^·▒ ▒·▒▒▒▒▒▒·▒▒·▒·▒·······▒
······▒ ▒·▒ ▒·▒▒·▒·▒··▒▒▒·▒▒
······▒▒▒·▒ ▒·▒▒·▒·▒··▒ ▒·▒


There were no monsters in sight!

Vanquished Creatures
  3 adders (D:3)
  A giant mite (D:2)
  A worm (D:4)
  2 giant geckos
  2 orcs (D:3)
  8 bats
  9 hobgoblins
  4 jackals (D:3)
  A ball python (D:2)
  3 giant cockroaches
  4 giant newts
  8 goblins
  2 kobolds
  11 rats
59 creatures vanquished.

Notes
Turn   | Place    | Note
--------------------------------------------------------------
     0 | D:1      | Kite, the Human Artificer, began the quest for the Orb.
     0 | D:1      | Reached XP level 1. HP: 16/16 MP: 1/1
   217 | D:1      | Reached XP level 2. HP: 17/22 MP: 3/3
   995 | D:2      | Reached XP level 3. HP: 25/27 MP: 4/4
  1382 | D:2      | Reached skill level 1 in Armour
  2061 | D:3      | Reached XP level 4. HP: 24/33 MP: 6/6
  2584 | D:3      | Reached skill level 1 in Throwing
  3499 | D:4      | Reached XP level 5. HP: 10/38 MP: 8/8
  3840 | D:3      | Paralysed by you for 2 turns
  3842 | D:3      | Killed themself with a badly aimed bolt of lightning

Action                   |  1- 3 |  4- 6 || total
-------------------------+-------+-------++-------
Melee: Short sword       |    93 |    82 ||   175
Throw: Stone             |    64 |    90 ||   154
Evoke: Wand              |       |     5 ||     5
  Use: Scroll            |     5 |     3 ||     8
       Potion            |       |     6 ||     6
